MWL
CEDAR RAPIDS CARDINALS @ DECATUR COMMODORES
06/04/1982
 
TOP OF THE 1ST
Cedar Rapids Cardinals batting - Pitching for Decatur Commodores : LHP Mitch Williams
Pitching: LHP Mitch Williams
Batting: RHB Nehames Bernstine 0-0: Ball
1-0: Bunt missed!
1-1: Swinging Strike
1-2: Ball
2-2: Strikes out swinging
Batting: SHB Bryan Hoppie 0-0: Called Strike
0-1: Ball
1-1: Swinging Strike
1-2: Ball
2-2: Foul Ball, location: 2F
2-2: Foul Ball, location: 2F
2-2: Foul Ball, location: 2F
2-2: Foul Ball, location: 2F
2-2: Foul Ball, location: 2F
2-2: Foul Ball, location: 2F
2-2: Ball
3-2: Strikes out swinging
Batting: RHB Ronald Grout 0-0: Swinging Strike
0-1: Ball
1-1: SINGLE (Groundball, 6D, EV 96.9 MPH)
Batting: RHB Carson Carroll 0-0: Called Strike
0-1: Ball
1-1: Called Strike
1-2: SINGLE (Groundball, 6MD, EV 110.0 MPH)
Ronald Grout to second
Batting: RHB Dean Kornacker 0-0: SINGLE (Groundball, 4MD, EV 95.0 MPH)
Ronald Grout to third
Carson Carroll to second
Runner from 3rd tries for Home, SAFE, throw by CF to home
Carson Carroll to third
Dean Kornacker to second
Batting: RHB Miguel Sosa 0-0: Called Strike
0-1: Ball
1-1: Ground out 6-3 (Groundball, 6, EV 85.6 MPH)
Top of the 1st over - 1 run, 3 hits, 0 errors, 2 left on base; Cedar Rapids 1 - Decatur 0
BOTTOM OF THE 1ST
Decatur Commodores batting - Pitching for Cedar Rapids Cardinals : RHP David Cassetto
Pitching: RHP David Cassetto
Batting: LHB Alexis Marte 0-0: Ball
1-0: Ball
2-0: Foul Ball, location: 2F
2-1: Ball
3-1: Base on Balls
Batting: SHB Roger Holt 0-0: Ball
1-0: Ball
2-0: Ball
3-0: Base on Balls
Alexis Marte to second
Batting: SHB Daniel Wieser 0-0: Grounds into double play, 4-6-3 (Groundball, 4, EV 88.8 MPH)
Alexis Marte to third
Batting: LHB David Showalter 0-0: Called Strike
0-1: Ground out 1-3 (Groundball, 34S, EV 68.8 MPH)
Bottom of the 1st over - 0 runs, 0 hits, 0 errors, 1 left on base; Cedar Rapids 1 - Decatur 0
TOP OF THE 2ND
Cedar Rapids Cardinals batting - Pitching for Decatur Commodores : LHP Mitch Williams
Batting: RHB Orlando Ramirez 0-0: Ball
1-0: Ball
2-0: Called Strike
2-1: Foul Ball, location: 2F
2-2: Strikes out swinging
Batting: SHB Duane Johnson 0-0: Ball
1-0: Called Strike
1-1: Ball
2-1: Fly out, F8 (Flyball, 8RD, EV 93.1 MPH)
Batting: RHB Chris Gandy 0-0: Ball
1-0: Swinging Strike
1-1: Called Strike
1-2: Ball
2-2: Strikes out looking
Top of the 2nd over - 0 runs, 0 hits, 0 errors, 0 left on base; Cedar Rapids 1 - Decatur 0
BOTTOM OF THE 2ND
Decatur Commodores batting - Pitching for Cedar Rapids Cardinals : RHP David Cassetto
Batting: SHB Rondin Johnson 0-0: Fly out, F8 (Flyball, 8RD, EV 89.4 MPH)
Batting: LHB Jerry Miller 0-0: Foul Ball, location: 2F
0-1: Swinging Strike
0-2: Ball
1-2: Ground out 5-3 (Groundball, 56, EV 79.4 MPH)
Batting: RHB Clifton Wilder 0-0: Called Strike
0-1: Foul Ball, location: 2F
0-2: Strikes out swinging
Bottom of the 2nd over - 0 runs, 0 hits, 0 errors, 0 left on base; Cedar Rapids 1 - Decatur 0
TOP OF THE 3RD
Cedar Rapids Cardinals batting - Pitching for Decatur Commodores : LHP Mitch Williams
Batting: RHB Nehames Bernstine 0-0: Called Strike
0-1: Ground out 6-3 (Groundball, 6, EV 83.8 MPH)
Batting: SHB Bryan Hoppie 0-0: Ground out 3-1 (Groundball, 34S, EV 86.9 MPH)
Batting: RHB Ronald Grout 0-0: Foul Ball, location: 2F
0-1: Swinging Strike
0-2: Foul Ball, location: 2F
0-2: Strikes out swinging
Top of the 3rd over - 0 runs, 0 hits, 0 errors, 0 left on base; Cedar Rapids 1 - Decatur 0
BOTTOM OF THE 3RD
Decatur Commodores batting - Pitching for Cedar Rapids Cardinals : RHP David Cassetto
Batting: LHB Samuel Taves 0-0: Foul Ball, location: 2F
0-1: SINGLE (Groundball, 34D, EV 106.3 MPH)
Batting: RHB Rex Farrior 0-0: Ball
1-0: Fielders Choice at 2nd, 3-6 (Groundball, 3, EV 100.0 MPH)
Batting: LHB Alexis Marte 0-0: Called Strike
0-1: Ball
1-1: Ball
2-1: Ball
3-1: Foul Ball, location: 2F
3-2: Base on Balls
Rex Farrior to second
Batting: SHB Roger Holt 0-0: Called Strike
0-1: Ball
1-1: Swinging Strike
1-2: Ball
2-2: Ball
3-2: Base on Balls
Rex Farrior to third
Alexis Marte to second
Batting: SHB Daniel Wieser 0-0: Called Strike
0-1: Ball
1-1: Fielders Choice at 2nd, 4-6 (Groundball, 4, EV 102.5 MPH)
Rex Farrior scores
Alexis Marte to third
Batting: LHB David Showalter 0-0: Ball
1-0: DOUBLE (Flyball, 3D, EV 88.1 MPH)
Alexis Marte scores
Daniel Wieser to third
Runner from 3rd tries for Home, SAFE, throw by RF to home
Batting: SHB Rondin Johnson 0-0: Foul Ball, location: 2F
0-1: Called Strike
0-2: Ball
1-2: Ball
2-2: Foul Ball, location: 2F
2-2: SINGLE (Groundball, 4MD, EV 104.4 MPH)
David Showalter to third
Runner from 3rd tries for Home, SAFE, throw by CF to home
Batting: LHB Jerry Miller 0-0: Ball
1-0: Ball
2-0: Called Strike
2-1: Foul Ball, location: 2F
2-2: Ball
3-2: Foul Ball, location: 2F
3-2: Foul Ball, location: 2F
3-2: Fly out, F8 (Flyball, 8LD, EV 79.4 MPH)
Bottom of the 3rd over - 4 runs, 3 hits, 0 errors, 1 left on base; Cedar Rapids 1 - Decatur 4
TOP OF THE 4TH
Cedar Rapids Cardinals batting - Pitching for Decatur Commodores : LHP Mitch Williams
Batting: RHB Carson Carroll 0-0: Ball
1-0: Ball
2-0: Ball
3-0: Base on Balls
Batting: RHB Dean Kornacker 0-0: Ball
1-0: Reached on error, E3 (Groundball, 34S, EV 87.5 MPH)
Carson Carroll to third
Batting: RHB Miguel Sosa 0-0: 3-RUN HOME RUN (Line Drive, 8LXD, EV 102.5 MPH), Distance : 426 ft
Batting: RHB Orlando Ramirez 0-0: Ground out 6-3 (Groundball, 56, EV 78.1 MPH)
Batting: SHB Duane Johnson 0-0: Ball
1-0: Foul Ball, location: 2F
1-1: Foul Ball, location: 2F
1-2: Foul Ball, location: 2F
1-2: Strikes out swinging
Batting: RHB Chris Gandy 0-0: Called Strike
0-1: Swinging Strike
0-2: Ball
1-2: Ball
2-2: Foul Ball, location: 2F
2-2: Strikes out swinging
Top of the 4th over - 3 runs, 1 hit, 1 error, 0 left on base; Cedar Rapids 4 - Decatur 4
BOTTOM OF THE 4TH
Decatur Commodores batting - Pitching for Cedar Rapids Cardinals : RHP David Cassetto
Batting: RHB Clifton Wilder 0-0: Ball
1-0: Ball
2-0: Ball
3-0: Called Strike
3-1: Called Strike
3-2: Fly out, F6 (Popup, 4MS, EV 73.1 MPH)
Batting: LHB Samuel Taves 0-0: Ball
1-0: Called Strike
1-1: Ball
2-1: Called Strike
2-2: Foul Ball, location: 2F
2-2: Foul Ball, location: 2F
2-2: Foul Ball, location: 2F
2-2: SOLO HOME RUN (Flyball, 9D, EV 101.3 MPH), Distance : 377 ft
Batting: RHB Rex Farrior 0-0: Ball
1-0: Called Strike
1-1: Foul Ball, location: 2F
1-2: SINGLE (Groundball, 6MD, EV 95.0 MPH)
Batting: LHB Alexis Marte 0-0: Swinging Strike
0-1: Ball
1-1: Swinging Strike
1-2: Fly out, F5 (Line Drive, 5, EV 70.6 MPH)
Batting: SHB Roger Holt 0-0: Ball
1-0: Called Strike
1-1: Ball
2-1: Fielders Choice at 2nd, 6-4 (Groundball, 6, EV 110.0 MPH)
Bottom of the 4th over - 1 run, 2 hits, 0 errors, 1 left on base; Cedar Rapids 4 - Decatur 5
TOP OF THE 5TH
Cedar Rapids Cardinals batting - Pitching for Decatur Commodores : LHP Mitch Williams
Batting: RHB Nehames Bernstine 0-0: SINGLE (Flyball, 78S, EV 91.9 MPH)
Batting: SHB Bryan Hoppie 0-0: Called Strike
0-1: Ball
Nehames Bernstine steals 2nd base
1-1: Ball
2-1: Ball
3-1: Called Strike
3-2: Ground out 4-3 (Groundball, 4, EV 82.5 MPH)
Nehames Bernstine to third
Batting: RHB Ronald Grout 0-0: Ball
1-0: Ball
2-0: Ball
3-0: Called Strike
3-1: Called Strike
3-2: Foul Ball, location: 2F
3-2: Foul Ball, location: 2F
3-2: Ground out U3 (Groundball, 34, EV 101.3 MPH)
Nehames Bernstine scores
Batting: RHB Carson Carroll 0-0: Fly out, F8 (Line Drive, 8RM, EV 97.5 MPH)
Top of the 5th over - 1 run, 1 hit, 0 errors, 0 left on base; Cedar Rapids 5 - Decatur 5
BOTTOM OF THE 5TH
Decatur Commodores batting - Pitching for Cedar Rapids Cardinals : RHP David Cassetto
Batting: SHB Daniel Wieser 0-0: Foul Ball, location: 2F
0-1: Foul Ball, location: 2F
0-2: Ball
1-2: Foul Ball, location: 2F
1-2: Ball
2-2: SINGLE (Line Drive, 8RS, EV 96.9 MPH)
Batting: LHB David Showalter 0-0: Ball
1-0: Ball
2-0: SINGLE (Groundball, 4D, EV 93.8 MPH)
Daniel Wieser to second
Runner from 2nd tries for 3rd, SAFE, no throw by CF
Batting: SHB Rondin Johnson 0-0: Ball
1-0: SINGLE (Groundball, 6MD, EV 95.0 MPH)
Daniel Wieser scores
David Showalter to second
Pitching: RHP Craig Chamberlain
Batting: LHB Jerry Miller 0-0: Bunted foul
0-1: Sac Bunt to P - play at first, batter OUT! 1-4
David Showalter to third
Rondin Johnson to second
Batting: RHB Clifton Wilder 0-0: Ball
1-0: Ground out U3 (Groundball, 3S, EV 86.3 MPH)
Batting: LHB Samuel Taves 0-0: Called Strike
0-1: Ball
1-1: Foul Ball, location: 2F
1-2: Ball
2-2: Ball
3-2: Foul Ball, location: 2F
3-2: Base on Balls
Batting: RHB Rex Farrior 0-0: Called Strike
0-1: Fielders Choice at 2nd, 5-4 (Groundball, 5, EV 98.8 MPH)
Bottom of the 5th over - 1 run, 3 hits, 0 errors, 3 left on base; Cedar Rapids 5 - Decatur 6
TOP OF THE 6TH
Cedar Rapids Cardinals batting - Pitching for Decatur Commodores : LHP Mitch Williams
Batting: RHB Dean Kornacker 0-0: Called Strike
0-1: Foul Ball, location: 2F
0-2: Ball
1-2: Ball
2-2: Fly out, F7 (Flyball, 78M, EV 84.4 MPH)
Batting: RHB Miguel Sosa 0-0: Called Strike
0-1: Ball
1-1: Ball
2-1: TRIPLE (Line Drive, 8RXD, EV 105.6 MPH)
Pitching: RHP William Martin
Batting: RHB Orlando Ramirez 0-0: Ball
1-0: Called Strike
1-1: Ball
2-1: Called Strike
2-2: Ball
3-2: Foul Ball, location: 2F
3-2: Base on Balls
Batting: SHB Duane Johnson 0-0: Ball
1-0: Called Strike
1-1: Called Strike
1-2: Ball
2-2: Ball
3-2: Base on Balls
Orlando Ramirez to second
Batting: RHB Chris Gandy 0-0: Called Strike
0-1: Foul Ball, location: 2F
0-2: SINGLE (Groundball, 56, EV 102.5 MPH)
Miguel Sosa scores
Orlando Ramirez to third
Duane Johnson to second
Batting: RHB Nehames Bernstine 0-0: Ball
1-0: Foul Ball, location: 2F
1-1: Foul Ball, location: 2F
1-2: Ball
2-2: Fly out, F9 (Flyball, 9LM, EV 100.0 MPH)
Runner from 3rd tags up, SCORES, throw by RF
Duane Johnson to third
Batting: SHB Bryan Hoppie 0-0: Ball
1-0: Ball
2-0: Ball
3-0: Called Strike
3-1: Base on Balls
Chris Gandy to second
Pitching: RHP Peyton Mosher
Batting: RHB Ronald Grout 0-0: Ball
1-0: Fielders Choice at 2nd, 5-4 (Groundball, 5, EV 104.4 MPH)
Top of the 6th over - 2 runs, 2 hits, 0 errors, 3 left on base; Cedar Rapids 7 - Decatur 6
BOTTOM OF THE 6TH
Decatur Commodores batting - Pitching for Cedar Rapids Cardinals : RHP Craig Chamberlain
Batting: LHB Alexis Marte 0-0: Ball
1-0: Ball
2-0: Called Strike
2-1: Called Strike
2-2: Ball
3-2: Base on Balls
Batting: SHB Roger Holt 0-0: Ball
1-0: Sac Bunt to 3S - play at first, batter OUT! 3-1
Alexis Marte to second
Batting: SHB Daniel Wieser 0-0: Ball
1-0: Called Strike
1-1: Ball
2-1: SINGLE (Line Drive, 9LM, EV 95.6 MPH)
Alexis Marte to third
Runner from 3rd tries for Home, SAFE, throw by RF to home
Daniel Wieser to second
Batting: LHB David Showalter 0-0: Foul Ball, location: 2F
0-1: Foul Ball, location: 2F
0-2: Ball
1-2: Foul Ball, location: 2F
1-2: Foul Ball, location: 2F
1-2: Ball
2-2: Ball
3-2: Foul Ball, location: 2F
3-2: Ground out U3 (Groundball, 34, EV 86.9 MPH)
Daniel Wieser to third
Batting: SHB Rondin Johnson 0-0: Ball
1-0: Foul Ball, location: 2F
1-1: Ground out U3 (Groundball, 3, EV 81.3 MPH)
Bottom of the 6th over - 1 run, 1 hit, 0 errors, 1 left on base; Cedar Rapids 7 - Decatur 7
TOP OF THE 7TH
Cedar Rapids Cardinals batting - Pitching for Decatur Commodores : RHP Peyton Mosher
Batting: RHB Carson Carroll 0-0: Ball
1-0: Ground out 1-3 (Groundball, 23, EV 68.1 MPH)
Batting: RHB Dean Kornacker 0-0: Called Strike
0-1: Ball
1-1: Ground out 1-3 (Groundball, P, EV 62.5 MPH)
Batting: RHB Miguel Sosa 0-0: Ground out 1-3 (Groundball, 13S, EV 75.6 MPH)
Top of the 7th over - 0 runs, 0 hits, 0 errors, 0 left on base; Cedar Rapids 7 - Decatur 7
BOTTOM OF THE 7TH
Decatur Commodores batting - Pitching for Cedar Rapids Cardinals : RHP Craig Chamberlain
Batting: LHB Jerry Miller 0-0: Called Strike
0-1: Ball
1-1: Swinging Strike
1-2: Foul Ball, location: 2F
1-2: Ground out 6-3 (Groundball, 6, EV 86.9 MPH)
Batting: RHB Clifton Wilder 0-0: Foul Ball, location: 2F
0-1: Called Strike
0-2: Ball
1-2: Ground out U3 (Groundball, 34, EV 99.4 MPH)
Batting: LHB Samuel Taves 0-0: Ball
1-0: Ball
2-0: Ball
3-0: Called Strike
3-1: Base on Balls
Batting: RHB Rex Farrior 0-0: Called Strike
0-1: Swinging Strike
0-2: Foul Ball, location: 2F
0-2: Strikes out swinging
Bottom of the 7th over - 0 runs, 0 hits, 0 errors, 1 left on base; Cedar Rapids 7 - Decatur 7
TOP OF THE 8TH
Cedar Rapids Cardinals batting - Pitching for Decatur Commodores : RHP Peyton Mosher
Batting: RHB Orlando Ramirez 0-0: Foul Ball, location: 2F
0-1: Ball
1-1: Swinging Strike
1-2: Foul Ball, location: 2F
1-2: Strikes out swinging
Batting: SHB Duane Johnson 0-0: Foul Ball, location: 2F
0-1: Ball
1-1: Ball
2-1: Foul Ball, location: 2F
2-2: Foul Ball, location: 2F
2-2: SINGLE (Groundball, 6MD, EV 108.8 MPH)
Batting: RHB Chris Gandy 0-0: 2-RUN HOME RUN (Flyball, 7LD, EV 93.1 MPH), Distance : 345 ft
Batting: RHB Nehames Bernstine 0-0: Foul Ball, location: 2F
0-1: Ball
1-1: Ball
2-1: Ball
3-1: Swinging Strike
3-2: Strikes out swinging
Batting: SHB Bryan Hoppie 0-0: Swinging Strike
0-1: Called Strike
0-2: Fly out, F8 (Flyball, 78D, EV 98.8 MPH)
Top of the 8th over - 2 runs, 2 hits, 0 errors, 0 left on base; Cedar Rapids 9 - Decatur 7
BOTTOM OF THE 8TH
Decatur Commodores batting - Pitching for Cedar Rapids Cardinals : RHP Craig Chamberlain
Batting: LHB Alexis Marte 0-0: Ball
1-0: Ball
2-0: Called Strike
2-1: Ball
3-1: Ground out 4-3 (Groundball, 34D, EV 100.0 MPH)
Batting: SHB Roger Holt 0-0: Ball
1-0: Foul Ball, location: 2F
1-1: Ground out 6-3 (Groundball, 6, EV 102.5 MPH)
Batting: SHB Daniel Wieser 0-0: Called Strike
0-1: Swinging Strike
0-2: Foul Ball, location: 2F
0-2: Foul Ball, location: 2F
0-2: Ball
1-2: SINGLE (Groundball, P, EV 90.0 MPH) (infield hit)
Pitching: RHP Jeffrey Musser
Batting: LHB David Showalter 0-0: Ball
1-0: Ball
2-0: Ball
3-0: Called Strike
3-1: Base on Balls
Daniel Wieser to second
Batting: SHB Rondin Johnson 0-0: Foul Ball, location: 2F
0-1: Ball
1-1: Foul Ball, location: 2F
1-2: Strikes out swinging
Bottom of the 8th over - 0 runs, 1 hit, 0 errors, 2 left on base; Cedar Rapids 9 - Decatur 7
TOP OF THE 9TH
Cedar Rapids Cardinals batting - Pitching for Decatur Commodores : RHP Peyton Mosher
Batting: RHB Ronald Grout 0-0: Called Strike
0-1: Ball
1-1: Ball
2-1: Foul Ball, location: 2F
2-2: Fly out, F8 (Flyball, 78D, EV 109.4 MPH)
Batting: RHB Carson Carroll 0-0: Called Strike
0-1: Swinging Strike
0-2: Ball
1-2: SINGLE (Groundball, 56S, EV 60.6 MPH) (infield hit)
Pitching: RHP Ty Hubbard
Batting: RHB Dean Kornacker 0-0: Ball
1-0: Ball
2-0: Called Strike
2-1: Foul Ball, location: 2F
2-2: Foul Ball, location: 2F
2-2: Strikes out swinging
Batting: RHB Miguel Sosa 0-0: Ball
1-0: Called Strike
1-1: Ball
2-1: Foul Ball, location: 2F
2-2: Foul Ball, location: 2F
2-2: Ball
3-2: Foul Ball, location: 2F
3-2: Strikes out looking
Top of the 9th over - 0 runs, 1 hit, 0 errors, 1 left on base; Cedar Rapids 9 - Decatur 7
BOTTOM OF THE 9TH
Decatur Commodores batting - Pitching for Cedar Rapids Cardinals : RHP Jeffrey Musser
Batting: LHB Jerry Miller 0-0: Called Strike
0-1: Fly out, F9 (Flyball, 89M, EV 84.4 MPH)
Batting: RHB Clifton Wilder 0-0: Ball
1-0: Called Strike
1-1: Foul Ball, location: 2F
1-2: Fly out, F5 (Line Drive, 5, EV 69.4 MPH)
Batting: LHB Samuel Taves 0-0: Swinging Strike
0-1: Foul Ball, location: 2F
0-2: Ball
1-2: Ball
2-2: Strikes out swinging
Bottom of the 9th over - 0 runs, 0 hits, 0 errors, 0 left on base; Cedar Rapids 9 - Decatur 7
Wednesday, August 5th, 2020 - OOTP Baseball 21.5 Build 76